AoeStats
← fonsovich

Hill Fort

504930634Analyzed
4v4 RM · 25d ago on Sep 7, 2026· 72m 3s· 8 players
Game mode
Random Map
Map size
Large (8 player)
Population
200
Speed
Normal
Resources
Standard
Victory
Conquest
Starting age
Dark Age
Ending age
Imperial Age
RankedLock teamsTeams togetherTeam positionsShared explorationLock speedFull tech treeHidden civsTurbo modeCheats
Victory
Defeat
🇦🇺 Mongols · Australia
754
+6
🇺🇸 Britons · United States
659
+9
🇺🇸 Bulgarians · United States
592
+12
🇺🇸 Bohemians · United States
526
+15
🇺🇸 Romans · United States
599
-14
🇨🇳 Bulgarians · China
504
-10
🇦🇷 Huns · Argentina
493
-10
🇧🇷 Persians · Brazil
422
-8
Inspector_Choi
11:00 Feudal Age
11:37 Double-Bit Axe
11:47 Stone Mining
12:19 Loom
14:23 Wheelbarrow
17:35 Gold Mining
21:50 Castle Age
20:33 Man-at-Arms
25:32 Long Swordsman
26:13 Squires
29:25 Scale Mail Armor
30:29 Caravan
34:26 Chain Mail Armor
34:25 Forging
35:57 Hand Cart
36:40 Ballistas
40:56 Imperial Age
41:28 Husbandry
41:41 Bloodlines
41:34 Legionary
43:50 Iron Casting
43:23 Scale Barding Armor
43:02 Pikeman
44:19 Conscription
46:08 Blast Furnace
45:19 Halberdier
47:41 Comitatenses
50:10 Chain Barding Armor
52:18 Cavalier
TheJoker
11:53 Feudal Age
10:11 Loom
13:07 Wheelbarrow
13:52 Double-Bit Axe
14:36 Horse Collar
23:01 Castle Age
24:50 Bow Saw
24:57 Hand Cart
24:48 Heavy Plow
fonsovich
18:13 Feudal Age
24:19 Castle Age
26:00 Wheelbarrow
26:34 Scale Barding Armor
26:40 Forging
29:46 Hand Cart
30:28 Town Watch
31:31 Marauders
33:47 Town Patrol
33:59 Gold Mining
40:52 Imperial Age
44:30 Elite Tarkan
掰开腿饮水
1:05 Loom
13:21 Feudal Age
15:41 Wheelbarrow
15:17 Double-Bit Axe
15:39 Horse Collar
24:07 Castle Age
22:57 Town Watch
24:36 Scale Barding Armor
24:33 Scale Mail Armor
25:25 Hand Cart
25:17 Heavy Plow
26:46 Bow Saw
26:33 Stone Mining
27:03 Town Patrol
39:55 Masonry
42:39 Imperial Age
40:36 Chain Barding Armor
40:32 Chain Mail Armor
40:18 Padded Archer Armor
40:08 Fletching
40:30 Forging
40:29 Pikeman
45:17 Crop Rotation
45:12 Stirrups
52:11 Heavy Scorpion
56:07 Elite Konnik
Scoobydoo117778
1:07 Loom
12:01 Feudal Age
16:46 Castle Age
15:00 Double-Bit Axe
14:59 Horse Collar
29:20 Pikeman
30:39 Man-at-Arms
31:15 Arson
32:45 Squires
35:19 Bow Saw
36:06 Wheelbarrow
35:17 Town Watch
36:43 Chemistry
36:05 Ballistics
37:10 Hand Cart
37:01 Fletching
37:54 Heavy Plow
40:52 Imperial Age
41:01 Bodkin Arrow
41:08 Padded Archer Armor
41:09 Scale Mail Armor
41:20 Forging
40:58 Houfnice
41:32 Halberdier
41:38 Long Swordsman
43:20 Bracer
43:40 Leather Archer Armor
43:41 Chain Mail Armor
44:02 Iron Casting
44:45 Two-Man Saw
44:06 Two-Handed Swordsman
46:01 Elite Skirmisher
46:11 Champion
51:20 Guilds
55:37 Siege Engineers
58:10 Plate Mail Armor
59:07 Ring Archer Armor
59:38 Blast Furnace
71:59 Spies/Treason
DarkSaintOfWar
12:11 Loom
20:59 Feudal Age
23:41 Wheelbarrow
22:56 Double-Bit Axe
22:58 Horse Collar
23:15 Gold Mining
23:21 Stone Mining
27:06 Scale Barding Armor
27:11 Forging
27:02 Scale Mail Armor
26:51 Arson
30:08 Castle Age
31:39 Bloodlines
31:27 Fletching
34:35 Hand Cart
35:00 Gold Shaft Mining
35:04 Stone Shaft Mining
34:43 Bow Saw
34:38 Heavy Plow
35:11 Chain Barding Armor
35:27 Iron Casting
35:08 Chain Mail Armor
34:48 Bodkin Arrow
34:57 Squires
35:01 Husbandry
35:21 Caravan
39:54 Imperial Age
40:57 Elite Konnik
41:36 Stirrups
42:02 Conscription
42:48 Plate Barding Armor
43:17 Blast Furnace
43:05 Plate Mail Armor
44:42 Bracer
45:28 Crop Rotation
drtySASQUATCH69
0:36 Loom
18:33 Feudal Age
20:20 Wheelbarrow
19:38 Gold Mining
19:41 Double-Bit Axe
19:40 Horse Collar
20:08 Stone Mining
31:58 Castle Age
30:11 Forging
30:03 Scale Mail Armor
29:55 Fletching
30:05 Padded Archer Armor
34:14 Hand Cart
34:38 Gold Shaft Mining
34:17 Bow Saw
34:16 Heavy Plow
34:21 Caravan
35:29 Iron Casting
35:11 Chain Mail Armor
34:19 Man-at-Arms
34:24 Pikeman
34:51 Gambesons
35:06 Squires
34:52 Arson
43:59 Imperial Age
43:40 Yeomen
44:50 Ballistics
45:15 Halberdier
47:51 Blast Furnace
47:21 Plate Mail Armor
47:09 Leather Archer Armor
46:49 Bodkin Arrow
47:26 Guilds
48:14 Conscription
49:07 Elite Longbowman
50:09 Murder Holes
51:16 Chemistry
50:28 Masonry
51:16 Bracer
51:47 Ring Archer Armor
56:41 Siege Engineers
56:49 Fortified Wall
67:17 Spies/Treason
Madsniperbra
0:29 Loom
15:00 Feudal Age
17:16 Double-Bit Axe
18:12 Wheelbarrow
22:02 Castle Age
22:51 Forging
22:47 Scale Barding Armor
22:56 Bloodlines
26:23 Iron Casting
26:09 Chain Barding Armor
26:14 Town Watch
31:23 Hand Cart
33:09 Bow Saw
33:57 Fervor
34:17 Caravan
34:54 Horse Collar
37:25 Town Patrol
37:34 Heavy Plow
38:12 Squires
37:58 Arson
38:18 Padded Archer Armor
38:09 Fletching
38:20 Scale Mail Armor
38:36 Fortified Wall
38:49 Ballistics
38:52 Gold Mining
38:54 Stone Mining
42:40 Imperial Age
40:53 Gold Shaft Mining
43:14 Thumb Ring
43:10 Bodkin Arrow
43:31 Leather Archer Armor
43:32 Chain Mail Armor
44:22 Chemistry
43:24 Murder Holes
43:21 Guard Tower
43:43 Masonry
44:17 Bracer
45:18 Blast Furnace
44:30 Siege Engineers
45:17 Parthian Tactics
46:02 Stone Shaft Mining
45:47 Heavy Scorpion
46:40 Husbandry
47:29 Elite Steppe Lancer
49:55 Drill
50:17 Plate Mail Armor
51:34 Heavy Cavalry Archer
52:51 Conscription
55:47 Coinage
55:31 Onager
57:48 Hoardings
57:37 Capped Ram
60:38 Siege Onager
62:03 Heavy Camel Rider
62:47 Light Cavalry
64:50 Hussar
Connection lost

Rejoining the realm…

Still unreachable

The connection could not be restored.

Session expired

The server has moved on; the page needs a fresh start.